AoeStats
← AOE2DE_NOOB

MegaRandom

505077696Analyzed
1v1 RM · 25d ago on Sep 7, 2026· 44m 30s· 2 players
Game mode
Random Map
Map size
Tiny (2 player)
Population
200
Speed
Normal
Resources
Standard
Victory
Conquest
Starting age
Dark Age
Ending age
Imperial Age
RankedLock teamsTeams togetherTeam positionsShared explorationLock speedFull tech treeHidden civsTurbo modeCheats
Victory
Defeat
🇦🇷 Vikings · Argentina
854
+17
🇫🇷 Vietnamese · France
877
-17
AOE2DE_NOOB
4:37 Loom
14:03 Feudal Age
14:58 Double-Bit Axe
14:58 Fishing Lines
22:14 Castle Age
21:34 Forging
21:25 Scale Mail Armor
21:53 Fletching
23:07 Man-at-Arms
25:04 Gillnets
26:07 Chain Mail Armor
26:20 Long Swordsman
27:33 Squires
27:20 Gambesons
27:20 Arson
28:38 Iron Casting
30:03 Gold Mining
34:33 Imperial Age
33:39 Stone Mining
36:19 Blast Furnace
35:50 Plate Mail Armor
34:44 Two-Handed Swordsman
37:20 Champion
39:08 Conscription
40:21 Gold Shaft Mining
42:30 Horse Collar
TefNil
12:20 Feudal Age
13:43 Double-Bit Axe
21:01 Castle Age
19:00 Gold Mining
19:45 Horse Collar
20:22 Padded Archer Armor
20:23 Scale Mail Armor
22:13 Wheelbarrow
21:41 Stone Mining
21:51 Pikeman
25:15 Elite Skirmisher
26:50 Hand Cart
27:02 Crossbowman
28:29 Stone Shaft Mining
28:35 Scale Mail Armor
28:45 Forging
29:25 Forging
29:34 Chain Mail Armor
31:11 Bow Saw
33:26 Iron Casting
33:09 Leather Archer Armor
33:36 Fletching
33:54 Heavy Plow
38:03 Crossbowman
38:48 Thumb Ring
Connection lost

Rejoining the realm…

Still unreachable

The connection could not be restored.

Session expired

The server has moved on; the page needs a fresh start.